 Dungeon Crawl Stone Soup version 0.29.1-15-g9cfb28693d (webtiles) character file.

Game seed: 11008320393520949124

35 Mysteryquy the Trooper (level 3, -5/24 HPs)
             Began as a Gargoyle Fighter on Apr 26, 2023.
             Slain by Natasha (6 damage)
             ... on level 2 of the Dungeon.
             The game lasted 00:00:45 (1334 turns).

Mysteryquy the Trooper (Gargoyle Fighter)           Turns: 1334, Time: 00:00:45

Health: -5/24      AC: 10    Str: 21    XL:     3   Next: 33%
Magic:  3/3        EV:  9    Int:  8    God:
Gold:   38         SH:  4    Dex:  9    Spells: 2/2 levels left

rFire   . . .      SeeInvis .   a - +0 flail
rCold   . . .      Faith    .   c - +0 buckler
rNeg    + . .      Spirit   .   b - +0 scale mail
rPois   ∞          Reflect  .   (no helmet)
rElec   +          Harm     .   (no cloak)
rCorr   .          Rampage  .   (no gloves)
Will    .....                   (no boots)
Stlth   ..........              (no amulet)
HPRegen 0.08/turn               (no ring)
MPRegen 0.08/turn               (no ring)

@: slowed, very slow
A: sickness immunity, AC +3, negative energy resistance 1, electricity
resistance, torment resistance 1, petrification resistance
a: no special abilities


You were on level 2 of the Dungeon.
You visited 1 branch of the dungeon, and saw 2 of its levels.

You collected 38 gold pieces.

Inventory:

Hand Weapons
 a - a +0 flail (weapon)
Armour
 b - a +0 scale mail (worn)
 c - a +0 buckler (worn)
Jewellery
 h - an amulet of faith
Scrolls
 f - a scroll of enchant armour {unknown}
Potions
 d - a potion of might
 e - a potion of curing {unknown}
 g - a potion of mutation {unknown}


   Skills:
 + Level 3.7 Fighting
 + Level 2.5 Maces & Flails
 + Level 3.6 Armour
 + Level 0.1 Dodging
 + Level 3.6 Shields


You had 2 spell levels left.
You didn't know any spells.
Your spell library contained the following spells:

 Spells                   Type           Power      Damage    Failure   Level
 Slow                     Hex            0%         N/A       83%         1


Dungeon Overview and Level Annotations

Branches:
Dungeon (2/15)

Altars:

Annotations:
D:2 Natasha


Innate Abilities, Weirdness & Mutations

You are immune to sickness and miasma.
Your stone body is resilient. (AC +3)
You are immune to poison.
You resist negative energy. (rN+)
You are resistant to electric shocks. (rElec)
You are resistant to unholy torment.
You are immune to petrification.


Message History

Natasha is severely wounded.
Natasha barely misses you.
The crimson imp hits you but does no damage.
You miss Natasha.
Natasha is severely wounded.
Natasha casts a spell at you. You resist with significant effort.
The crimson imp barely misses you.
Natasha stares at you and mumbles some strange words.
The magic dart hits you.
* * * LOW HITPOINT WARNING * * *
You hit Natasha but do no damage.
Natasha is severely wounded.
The crimson imp hits you but does no damage.
Natasha completely misses you. The crimson imp hits you.
* * * LOW HITPOINT WARNING * * *
The crimson imp blinks!
You hit Natasha.
Natasha is severely wounded.
Natasha casts a spell at you.
You feel yourself slow down. The crimson imp barely misses you.
You hit Natasha but do no damage.
Natasha is severely wounded.
The crimson imp disappears in a puff of smoke!
Natasha barely misses you.
The crimson imp hits you but does no damage.
The crimson imp blinks!
Natasha claws you but does no damage. The crimson imp closely misses you.
You closely miss Natasha.
Natasha is severely wounded.
Natasha hisses.
Natasha closely misses you.
The crimson imp hits you but does no damage.
The crimson imp blinks!
Natasha completely misses you. The crimson imp closely misses you.
You closely miss Natasha.
Natasha is severely wounded.
The crimson imp disappears in a puff of smoke!
Natasha claws you but does no damage.
The crimson imp blinks!
Natasha claws you.
You die...

.# #.#.# #.# .#
#.#.#. #.# .5. .#
#.#.#.##.# #.# .#
#.#.#.##.# #.# .#
#.#.#.##.# #§# .#
#.#.#.##.# #.# .#
#.#.#.##.# #.# .#
#.#.#..#.####h# .#
#.#.#.......#@#
.###.#<#..#.##.#§#
.....#....#.##.#.#
####.#.#..#.##.#.#
###.#.##.##.#.#
..#.....#.#.#
##########.#.#
.........#.#
...........#


You could see Natasha and a crimson imp (summoned).

Vanquished Creatures
  An adder (D:2)
  2 dart slugs (D:1)
  A ball python (D:1)
  An endoplasm (D:1)
  A giant cockroach (D:1)
  2 goblins
  3 hobgoblins
  2 quokkas (D:1)
  2 frilled lizards (D:1)
  3 kobolds (D:1)
  2 rats (D:1)
20 creatures vanquished.

Notes
Turn   | Place    | Note
-------+----------+-------------------------------------------
     0 | D:1      | Mysteryquy the Gargoyle Fighter began the quest for the
                  | Orb.
     0 | D:1      | Reached XP level 1. HP: 14/14 MP: 1/1
   218 | D:1      | Reached XP level 2. HP: 15/19 MP: 2/2
   494 | D:1      | Found a faded altar of an unknown god.
   513 | D:1      | Got Plato's Tractate on Malediction
  1181 | D:2      | Reached XP level 3. HP: 24/24 MP: 3/3
  1311 | D:2      | Noticed Natasha
  1330 | D:2      | HP: 1/24 [crimson imp[Natasha] (3)]
  1334 | D:2      | Slain by Natasha

Illustrated notes

Levels and vault maps discovered:
D:1:      dpeg_arrival_round_a, layout_basic,
          shapermc_ecumenical_altar_rom_forum
D:2:      layout_basic, minmay_surrounded, uniq_jessica, uniq_natasha

Action                   || total
-------------------------++-------
Melee: Flail             ||    91
Armor: Scale mail        ||    46
Dodge: Dodged            ||    45
Block: Buckler           ||    18
